[ AOE2 MATCH · #506120333 ]
UnrankedKhmer vs Britons
Player's team · LOSS
Rival team · WIN
[ REPLAY ANALYSIS · EXTRACTED FROM THE RECORDED GAME ]
Feudal
—
Castle
—
Imperial
—
| APM avg | 33.2 |
| APM peak | 92 |
| eAPM avg | 21.0 |
| Villagers / military | 138 / 16 |
Focus
⚔️ 11.9% · 🌾 88.1%
Ballista Elephant ×6 · Battering Ram ×4 · Trebuchet (Packed) ×3 · Monk ×2 · Scorpion ×1
Feudal
—
Castle
—
Imperial
—
| APM avg | 25.0 |
| APM peak | 42 |
| eAPM avg | 20.7 |
| Villagers / military | 150 / 70 |
Focus
⚔️ 22.1% · 🌾 77.9%
Longbowman ×47 · Mangonel ×10 · Militia ×5 · Trebuchet (Packed) ×4 · Battering Ram ×3 · Monk ×1
Match map
Initial resources + every placement click. Lines = walls · curves = elevation contours. ◆ gold · ⬟ stone · ● berries · ✦ relic · ◌ wall gap
Your base· ✓ Closed at 17:44 · 26t walls · no gate
FreshCarp8370's base· ✓ Closed at 16:17 · 20t walls · no gate
Smoothed initial terrain · ◌ = detected wall gap · hover for details
Inputs per minute
— ManyKitten76428 - - FreshCarp8370
Build order — ManyKitten76428
First 150 of 270 actions detected
| 0:01 | Queue | Villager (Male) |
| 0:02 | Queue | Villager (Male) |
| 0:02 | Queue | Villager (Male) |
| 0:02 | Queue | Villager (Male) |
| 0:02 | Queue | Villager (Male) |
| 0:02 | Queue | Villager (Male) |
| 0:02 | Queue | Villager (Male) |
| 0:02 | Queue | Villager (Male) |
| 0:02 | Queue | Villager (Male) |
| 0:02 | Queue | Villager (Male) |
| 0:04 | Build | House |
| 0:07 | Build | House |
| 0:51 | Build | Palisade Wall |
| 1:44 | Queue | Villager (Male) |
| 1:44 | Queue | Villager (Male) |
| 1:44 | Queue | Villager (Male) |
| 2:19 | Build | Palisade Wall |
| 2:32 | Queue | Villager (Male) |
| 2:33 | Queue | Villager (Male) |
| 2:51 | Build | House |
| 2:55 | Queue | Villager (Male) |
| 2:56 | Queue | Villager (Male) |
| 2:56 | Queue | Villager (Male) |
| 3:06 | Build | House |
| 3:13 | Queue | Villager (Male) |
| 3:13 | Queue | Villager (Male) |
| 3:13 | Queue | Villager (Male) |
| 3:34 | Build | House |
| 3:35 | Build | Palisade Wall |
| 3:36 | Build | Palisade Wall |
| 3:43 | Queue | Villager (Male) |
| 3:43 | Queue | Villager (Male) |
| 3:53 | Queue | Villager (Male) |
| 3:54 | Queue | Villager (Male) |
| 4:12 | Queue | Villager (Male) |
| 4:12 | Queue | Villager (Male) |
| 4:12 | Queue | Villager (Male) |
| 4:27 | Queue | Villager (Male) |
| 4:27 | Queue | Villager (Male) |
| 4:59 | Queue | Villager (Male) |
| 5:00 | Queue | Villager (Male) |
| 5:22 | Build | Lumber Camp |
| 5:26 | Queue | Villager (Male) |
| 5:26 | Queue | Villager (Male) |
| 5:50 | Queue | Villager (Male) |
| 5:50 | Queue | Villager (Male) |
| 6:16 | Research | Loom |
| 6:18 | Queue | Villager (Male) |
| 6:18 | Queue | Villager (Male) |
| 6:22 | Queue | Villager (Male) |
| 6:22 | Queue | Villager (Male) |
| 6:23 | Queue | Villager (Male) |
| 7:44 | Build | House |
| 7:55 | Queue | Villager (Male) |
| 7:56 | Queue | Villager (Male) |
| 8:29 | Queue | Villager (Male) |
| 8:30 | Queue | Villager (Male) |
| 9:29 | Build | Mining Camp |
| 9:32 | Queue | Villager (Male) |
| 9:43 | Queue | Villager (Male) |
| 10:26 | Research | Feudal Age |
| 10:39 | Build | Mill |
| 11:10 | Build | Mining Camp |
| 11:27 | Build | Farm |
| 11:36 | Build | Farm |
| 12:25 | Queue | Villager (Male) |
| 12:25 | Queue | Villager (Male) |
| 12:58 | Build | Watch Tower |
| 13:02 | Research | Double-Bit Axe |
| 13:11 | Build | Lumber Camp |
| 13:21 | Build | Blacksmith |
| 13:39 | Build | Stone Wall |
| 13:54 | Queue | Villager (Male) |
| 13:54 | Queue | Villager (Male) |
| 14:14 | Research | Horse Collar |
| 14:25 | Queue | Villager (Male) |
| 14:41 | Research | Fletching |
| 14:47 | Build | House |
| 14:49 | Build | House |
| 14:54 | Build | Farm |
| 15:12 | Build | House |
| 15:13 | Build | House |
| 15:24 | Queue | Villager (Male) |
| 15:36 | Build | Stone Wall |
| 15:49 | Build | Farm |
| 15:51 | Build | Farm |
| 15:56 | Build | Farm |
| 15:59 | Queue | Villager (Male) |
| 16:17 | Build | Farm |
| 16:28 | Queue | Villager (Male) |
| 16:32 | Build | Farm |
| 16:44 | Queue | Villager (Male) |
| 16:56 | Build | Farm |
| 17:05 | Build | Farm |
| 17:25 | Build | Farm |
| 17:44 | Research | Castle Age |
| 17:45 | Research | Castle Age |
| 18:20 | Research | Gold Mining |
| 18:35 | Research | Stone Mining |
| 18:35 | Research | Stone Mining |
| 19:09 | Build | Stable |
| 19:28 | Build | Outpost |
| 19:39 | Queue | Villager (Male) |
| 19:40 | Queue | Villager (Male) |
| 19:47 | Build | Outpost |
| 20:28 | Queue | Villager (Male) |
| 20:33 | Build | Town Center |
| 20:43 | Build | Market |
| 20:56 | Queue | Villager (Male) |
| 21:24 | Queue | Villager (Male) |
| 21:39 | Queue | Villager (Male) |
| 22:08 | Build | Castle |
| 22:20 | Queue | Villager (Male) |
| 22:20 | Queue | Villager (Male) |
| 22:20 | Queue | Villager (Male) |
| 22:32 | Build | Town Center |
| 22:36 | Queue | Villager (Male) |
| 22:37 | Queue | Villager (Male) |
| 22:38 | Queue | Villager (Male) |
| 22:38 | Queue | Villager (Male) |
| 22:48 | Research | Heavy Plow |
| 23:02 | Queue | Villager (Male) |
| 23:02 | Queue | Villager (Male) |
| 23:03 | Queue | Villager (Male) |
| 23:04 | Queue | Villager (Male) |
| 23:16 | Build | Mining Camp |
| 23:25 | Build | Farm |
| 23:29 | Build | Farm |
| 23:36 | Queue | Villager (Male) |
| 23:36 | Queue | Villager (Male) |
| 23:43 | Build | Farm |
| 23:47 | Build | Farm |
| 23:52 | Queue | Villager (Male) |
| 23:52 | Queue | Villager (Male) |
| 24:06 | Queue | Ballista Elephant |
| 24:25 | Build | Monastery |
| 24:51 | Queue | Villager (Male) |
| 24:51 | Queue | Villager (Male) |
| 24:51 | Queue | Villager (Male) |
| 24:52 | Queue | Villager (Male) |
| 25:07 | Queue | Villager (Male) |
| 25:07 | Queue | Villager (Male) |
| 25:08 | Queue | Villager (Male) |
| 25:14 | Build | Farm |
| 25:16 | Build | Farm |
| 25:17 | Build | Farm |
| 25:19 | Queue | Monk |
| 25:30 | Build | Siege Workshop |
| 25:36 | Queue | Villager (Male) |
| 25:38 | Queue | Villager (Male) |
Build order — FreshCarp8370
First 150 of 368 actions detected
| 0:02 | Queue | Villager (Male) |
| 0:02 | Queue | Villager (Male) |
| 0:04 | Build | House |
| 0:06 | Build | House |
| 0:14 | Queue | Villager (Male) |
| 0:14 | Queue | Villager (Male) |
| 0:14 | Queue | Villager (Male) |
| 1:15 | Research | Loom |
| 1:15 | Queue | Villager (Male) |
| 1:15 | Queue | Villager (Male) |
| 1:39 | Queue | Villager (Male) |
| 1:39 | Queue | Villager (Male) |
| 1:51 | Build | House |
| 1:56 | Build | Palisade Wall |
| 2:28 | Build | House |
| 2:39 | Build | Palisade Wall |
| 2:42 | Queue | Villager (Male) |
| 2:42 | Queue | Villager (Male) |
| 2:42 | Queue | Villager (Male) |
| 3:18 | Queue | Villager (Male) |
| 3:18 | Queue | Villager (Male) |
| 3:18 | Queue | Villager (Male) |
| 3:29 | Build | Lumber Camp |
| 3:36 | Queue | Villager (Male) |
| 3:36 | Queue | Villager (Male) |
| 3:44 | Queue | Villager (Male) |
| 3:44 | Queue | Villager (Male) |
| 4:24 | Build | Palisade Wall |
| 5:08 | Queue | Villager (Male) |
| 5:09 | Queue | Villager (Male) |
| 5:09 | Queue | Villager (Male) |
| 5:09 | Queue | Villager (Male) |
| 6:04 | Queue | Villager (Male) |
| 6:09 | Build | House |
| 6:39 | Queue | Villager (Male) |
| 6:59 | Queue | Villager (Male) |
| 7:25 | Queue | Villager (Male) |
| 7:30 | Build | Mining Camp |
| 7:57 | Queue | Villager (Male) |
| 8:29 | Queue | Villager (Male) |
| 8:41 | Build | Mill |
| 8:47 | Queue | Villager (Male) |
| 9:12 | Queue | Villager (Male) |
| 9:17 | Research | Feudal Age |
| 9:40 | Build | Mill |
| 10:05 | Build | House |
| 10:15 | Build | House |
| 10:23 | Queue | Villager (Male) |
| 10:25 | Queue | Villager (Male) |
| 11:38 | Build | Barracks |
| 11:52 | Build | Palisade Wall |
| 12:02 | Queue | Villager (Male) |
| 12:18 | Build | Watch Tower |
| 12:30 | Research | Double-Bit Axe |
| 12:34 | Queue | Villager (Male) |
| 12:47 | Queue | Villager (Male) |
| 12:58 | Queue | Militia |
| 12:58 | Queue | Militia |
| 12:59 | Queue | Militia |
| 13:02 | Research | Man-at-Arms (upgrade) |
| 13:11 | Research | Arson |
| 13:14 | Research | Man-at-Arms (upgrade) |
| 13:15 | Queue | Militia |
| 13:15 | Queue | Militia |
| 13:52 | Queue | Villager (Male) |
| 14:05 | Build | Market |
| 14:10 | Queue | Villager (Male) |
| 14:30 | Build | House |
| 14:31 | Build | House |
| 14:43 | Queue | Villager (Male) |
| 14:48 | Build | Farm |
| 14:49 | Build | Farm |
| 14:57 | Queue | Villager (Male) |
| 15:26 | Build | Blacksmith |
| 15:32 | Queue | Villager (Male) |
| 15:36 | Build | Farm |
| 15:37 | Build | Farm |
| 15:37 | Build | Farm |
| 15:37 | Build | Farm |
| 15:45 | Research | Horse Collar |
| 15:47 | Queue | Villager (Male) |
| 16:17 | Research | Castle Age |
| 16:23 | Build | Farm |
| 16:23 | Build | Farm |
| 16:23 | Build | Farm |
| 16:24 | Build | Farm |
| 16:56 | Build | Farm |
| 16:57 | Build | Farm |
| 16:58 | Build | Farm |
| 17:19 | Build | House |
| 17:19 | Build | House |
| 17:22 | Build | House |
| 17:42 | Build | Mining Camp |
| 17:45 | Research | Fletching |
| 18:04 | Queue | Villager (Male) |
| 18:04 | Queue | Villager (Male) |
| 18:11 | Build | House |
| 18:11 | Build | House |
| 18:12 | Build | House |
| 18:12 | Build | House |
| 18:12 | Build | House |
| 18:12 | Build | House |
| 18:13 | Build | House |
| 18:13 | Build | House |
| 18:13 | Build | House |
| 18:14 | Build | House |
| 18:14 | Build | House |
| 18:37 | Research | Stone Mining |
| 18:50 | Build | Farm |
| 18:51 | Build | Farm |
| 18:51 | Build | Farm |
| 19:09 | Research | Bodkin Arrow |
| 19:17 | Queue | Villager (Male) |
| 19:25 | Build | Town Center |
| 19:35 | Queue | Villager (Male) |
| 19:48 | Build | Farm |
| 19:48 | Build | Farm |
| 19:49 | Build | Farm |
| 20:22 | Build | Town Center |
| 20:29 | Queue | Villager (Male) |
| 20:29 | Queue | Villager (Male) |
| 20:52 | Build | Farm |
| 20:53 | Build | Farm |
| 20:53 | Build | Farm |
| 20:53 | Build | Farm |
| 20:59 | Queue | Villager (Male) |
| 21:03 | Queue | Villager (Male) |
| 21:04 | Queue | Villager (Male) |
| 21:04 | Queue | Villager (Male) |
| 21:11 | Research | Bow Saw |
| 21:41 | Queue | Villager (Male) |
| 21:42 | Queue | Villager (Male) |
| 21:52 | Build | Monastery |
| 21:57 | Queue | Villager (Male) |
| 21:58 | Queue | Villager (Male) |
| 22:05 | Research | Heavy Plow |
| 22:19 | Queue | Villager (Male) |
| 22:29 | Build | Farm |
| 22:29 | Build | Farm |
| 22:29 | Build | Farm |
| 22:29 | Build | Farm |
| 22:35 | Queue | Villager (Male) |
| 22:36 | Queue | Villager (Male) |
| 22:40 | Queue | Monk |
| 22:53 | Queue | Villager (Male) |
| 22:53 | Queue | Villager (Male) |
| 22:53 | Queue | Villager (Male) |
| 23:19 | Queue | Villager (Male) |
| 23:20 | Queue | Villager (Male) |
| 23:25 | Build | Farm |
Match timeline
| 0:51 | ManyKitten76428 · wall_segment Palisade Wall x10 |
| 1:56 | FreshCarp8370 · wall_segment Palisade Wall x8 |
| 2:19 | ManyKitten76428 · wall_segment Palisade Wall x1 |
| 2:39 | FreshCarp8370 · wall_segment Palisade Wall x6 |
| 3:35 | ManyKitten76428 · wall_segment Palisade Wall x1 |
| 3:36 | ManyKitten76428 · wall_segment Palisade Wall x1 |
| 4:24 | FreshCarp8370 · wall_segment Palisade Wall x1 |
| 11:38 | FreshCarp8370 · first_building Barracks |
| 11:52 | FreshCarp8370 · wall_segment Palisade Wall x6 |
| 13:39 | ManyKitten76428 · wall_segment Stone Wall x10 |
| 15:36 | ManyKitten76428 · wall_segment Stone Wall x3 |
| 19:09 | ManyKitten76428 · first_building Stable |
| 21:52 | FreshCarp8370 · first_building Monastery |
| 22:08 | ManyKitten76428 · first_building Castle |
| 23:09 | ManyKitten76428 · first_market_buy 100 wood |
| 24:25 | ManyKitten76428 · first_building Monastery |
| 25:14 | FreshCarp8370 · first_building Castle |
| 25:30 | ManyKitten76428 · first_building Siege Workshop |
| 27:39 | FreshCarp8370 · first_building Siege Workshop |
| 28:06 | ManyKitten76428 · wall_segment Stone Wall x4 |
| 29:32 | ManyKitten76428 · wall_segment Stone Wall x1 |
| 29:57 | FreshCarp8370 · first_market_sell 100 food |
| 32:25 | ManyKitten76428 · wall_segment Stone Wall x10 |
| 32:38 | ManyKitten76428 · wall_segment Stone Wall x11 |
| 39:57 | ManyKitten76428 · resign |
[ AI ANALYSIS · 1 CREDIT ]
What really happened in this match?
Wolo.gg analyzes every decision: build order, eco, micro, common mistakes by bracket. Personalized analysis on WhatsApp or Discord in 30 seconds.
Civ guide
Khmer
Perfil
ManyKitten76428